 Dungeon Crawl Stone Soup version 0.28-a0-792-g75f770b44e (webtiles) character file.

Game seed: 1658346468061138833

3070 Lemonice the Covert (level 9, -6/60 HPs)
             Began as an Octopode Earth Elementalist on Nov 3, 2021.
             Was an Initiate of Gozag.
             Mangled by Harold (13 damage)
             ... on level 7 of the Dungeon.
             The game lasted 00:25:14 (12617 turns).

Lemonice the Covert (Octopode Earth Elementalist)  Turns: 12617, Time: 00:25:14

Health: -6/60      AC:  1    Str: 10    XL:     9   Next: 88%
Magic:  1/17       EV:  8    Int: 24    God:    Gozag
Gold:   284        SH:  0    Dex: 12    Spells: 14/19 levels left

rFire   + . .      SeeInvis .   g - +0 dagger
rCold   x . .      Faith    +   (no shield)
rNeg    . . .      Spirit   .   (helmet restricted)
rPois   .          Reflect  .   d - amulet of faith
rElec   .          Harm     .   l - +6 ring of intelligence
rCorr   .          Rampage  .   x - ring of fire
Will    .....                   (no ring)
Stlth   +++++.....              (no ring)
HPRegen 0.20/turn               (no ring)
MPRegen 0.15/turn               (no ring)
                                (no ring)
                                (no ring)

@: about to teleport, held, invisible
A: almost no armour, amphibious, 8 rings, camouflage 1, gelatinous body 1,
(nimble swimmer 1), tentacles
a: Renounce Religion, Potion Petition, Call Merchant, Bribe Branch


You were on level 7 of the Dungeon.
You worshipped Gozag.
Gozag was aware of your devotion.
You visited 2 branches of the dungeon, and saw 8 of its levels.
You also visited: Sewer.

You collected 532 gold pieces.
You spent 144 gold pieces at shops.
You paid 104 gold pieces to Gozag.

Inventory:

Hand Weapons
 g - a +0 dagger (weapon)
 j - a +1 spear of freezing
 z - a +3 hunting sling
Missiles
 b - 236 stones
Jewellery
 d - an amulet of faith (around mantle)
 l - a +6 ring of intelligence (left tentacle)
 x - a ring of fire (right tentacle)
 D - a ring of fire
 G - a +6 ring of strength
Wands
 A - a wand of paralysis (11)
 C - a wand of flame (40)
 F - a wand of mindburst (12)
Scrolls
 a - 3 scrolls of teleportation
 i - 2 scrolls of fear {unknown}
 m - 2 scrolls of noise
 p - 3 scrolls of enchant weapon
 q - 2 scrolls of enchant armour {unknown}
 u - a scroll of brand weapon {unknown}
 v - a scroll of summoning {unknown}
 y - 2 scrolls of magic mapping {unknown}
 B - a scroll of fog
 E - 3 scrolls of identify
Potions
 c - 4 potions of cancellation
 e - 4 potions of curing
 f - 2 potions of lignification
 h - a potion of ambrosia {unknown}
 k - 3 potions of degeneration
 n - 2 potions of resistance
 o - 3 potions of heal wounds {unknown}
 r - 2 potions of magic {unknown}
 s - 2 potions of mutation {unknown}
 t - 2 potions of invisibility


   Skills:
 + Level 4.8 Fighting
 + Level 5.0 Short Blades
 - Level 0.5 Polearms
 + Level 5.3 Dodging
 + Level 8.4 Stealth
 - Level 1.2 Unarmed Combat
 + Level 5.5 Spellcasting
 - Level 0.6 Conjurations
 - Level 1.1 Transmutations
 + Level 6.4 Earth Magic
 - Level 1.0 Poison Magic


You had 14 spell levels left.
You knew the following spells:

 Your Spells              Type           Power      Damage    Failure   Level
a - Sandblast             Erth           74%        2d16      1%          1
b - Sting                 Tmut/Pois      44%        1d5       5%          1
c - Stone Arrow           Conj/Erth      46%        3d9       6%          3

Your spell library contained the following spells:

 Spells                   Type           Power      Damage    Failure   Level
 Passwall                 Tmut/Erth      20%        N/A       2%          2
 Poisonous Vapours        Pois/Air       18%        N/A       11%         2
 Petrify                  Tmut/Erth      25%        N/A       17%         4
 Olgreb's Toxic Radiance  Pois           11%        N/A       50%         4
 Conjure Ball Lightning   Conj/Air       4%         3x3d6     100%        6
 Discord                  Hex            3%         N/A       100%        8
 Disjunction              Tloc           3%         N/A       100%        8


Dungeon Overview and Level Annotations

Branches:
Dungeon (7/15)             Temple (1/1) D:7           Sewer (visited)

Altars:
Ashenzari
Cheibriados
Dithmenos
Elyvilon
Fedhas
Gozag
Hepliaklqana
Kikubaaqudgha
Makhleb
Nemelex Xobeh
Okawaru
Qazlal
Ru
Sif Muna
Wu Jian
Zin
The Shining One

Shops:
D:2 (   D:4 (!?:   D:7 [

Annotations:
D:4 3 runed translucent doors, Soborki's ghost, amateur MiBe
D:6 3 runed translucent doors, MirrMurr's ghost, novice SpEn
D:7 Harold


Innate Abilities, Weirdness & Mutations

You cannot wear most types of armour.
You are amphibious.
You can wear up to eight rings at the same time.
Your skin changes colour to match your surroundings (Stealth+).
Your rubbery body absorbs attacks. (AC +1, EV +1)
((You are camouflaged near water. (Stealth+)))
You have tentacles for arms and can constrict up to eight enemies at once.


Message History

Harold throws a throwing net.
The throwing net hits you.
You become entangled in the net!
Casting: Stone Arrow (dangerous; 6% risk of failure)
Confirm with . or Enter, or press ? or * to list all spells.
Aiming: Stone Arrow (dangerous; 6% risk of failure)
Press: ? - help, Shift-Dir - straight line, f/p - Harold
Aim: Harold, wielding a +0 short sword, wearing a +0 scale mail and quivering 2 throwing nets (lightly wounded, 83% to hit)
The stone arrow hits Harold.
Harold is lightly wounded.
Casting: Stone Arrow (dangerous; 6% risk of failure)
Confirm with . or Enter, or press ? or * to list all spells.
Aiming: Stone Arrow (dangerous; 6% risk of failure)
Press: ? - help, Shift-Dir - straight line, f/p - Harold
Aim: Harold, wielding a +0 short sword, wearing a +0 scale mail and quivering 2 throwing nets (lightly wounded, 83% to hit)
The stone arrow hits Harold!!
Harold is heavily wounded.
Casting: Stone Arrow (dangerous; 6% risk of failure)
Confirm with . or Enter, or press ? or * to list all spells.
Aiming: Stone Arrow (dangerous; 6% risk of failure)
Press: ? - help, Shift-Dir - straight line, f/p - Harold
Aim: Harold, wielding a +0 short sword, wearing a +0 scale mail and quivering 2 throwing nets (heavily wounded, 83% to hit)
The stone arrow misses Harold.
Casting: Stone Arrow (dangerous; 6% risk of failure)
Confirm with . or Enter, or press ? or * to list all spells.
You don't have enough magic to cast this spell.
Unknown command.
You struggle against the net.
Harold hits you with a +0 short sword!
You struggle against the net.
Harold hits you with a +0 short sword!!
You struggle against the net.
Harold says happily, "The price on your head will fill my nest egg nicely!"
Harold hits you with a +0 short sword.
* * * LOW HITPOINT WARNING * * *
As you read the scroll of teleportation, it crumbles to dust.
You feel strangely unstable. Harold hits you with a +0 short sword!
* * * LOW HITPOINT WARNING * * *
It was a potion of invisibility.
You fade into invisibility!
Harold hits you with a +0 short sword!
You die...
Your body crumbles into a pile of gold.

....# #.#
#...#)#...#......##
....###.#
#...))##########..#
#....##.# #...#.#...#
##.## #....##.#
#..#.).#..# #..#
#....##.# #.#.....#.#
##.# #....##.#
##.......## #.#
#....##.# ####.....#
#.## #....##.#
##....@..## #..#
.....##.# #.#...@.#.#
##.## ......#.#
#..#...#..# #..#
....#.#.# #...#.#...#
##.##
....#.#.###.....#####
#..#
.##.....##.)....#...#
##.#
.##)##..##.####..#..#
#.# ..#>##..##.#
#...#.# #.#
#.####..##.# #..).##
#.#
#o####.>...##########
#########.#


You could see Harold.

Vanquished Creatures
  Maggie (D:7)
  A steam dragon (D:7)
  Menkaure (D:7)
  2 water moccasins
  2 orc warriors
  A sky beast (D:5)
  An ogre (D:7)
  A necrophage (D:6)
  2 centaurs (D:6)
  3 bullfrogs
  A kobold brigand (D:4)
  A gnoll sergeant (D:7)
  3 scorpions
  A water moccasin zombie (D:6)
  A water moccasin skeleton (D:4)
  4 wights (D:7)
  A howler monkey (D:4)
  A centaur zombie (D:6)
  2 bullfrog skeletons
  A centaur skeleton (D:7)
  2 hounds
  An orc priest (D:7)
  2 jellies
  A gnoll shaman (D:7)
  4 iguanas
  2 orc wizards
  7 gnolls (D:7)
  2 howler monkey skeletons
  18 adders
  5 river rats (Sewer)
  A shadow imp (D:5)
  A white imp (D:6)
  4 ufetubi
  An adder skeleton (D:4)
  2 worms
  2 dart slugs
  18 orcs
  6 bats
  10 endoplasms
  10 giant cockroaches
  7 goblins
  4 hobgoblins
  4 jackals (D:5)
  8 kobolds
  5 quokkas
  17 ball pythons
  4 frilled lizards
  29 rats
208 creatures vanquished.

Vanquished Creatures (others)
  A plant (D:3)
  4 toadstools (D:1)
5 creatures vanquished.

Grand Total: 213 creatures vanquished

Notes
Turn   | Place    | Note
-------+----------+-------------------------------------------
     0 | D:1      | Lemonice the Octopode Earth Elementalist began the quest
                  | for the Orb.
     0 | D:1      | Reached XP level 1. HP: 11/11 MP: 3/3
   363 | D:1      | Reached XP level 2. HP: 6/17 MP: 5/5
   613 | D:1      | Learned a level 1 spell: Sting
   751 | D:1      | Found a faded altar of an unknown god.
   885 | D:1      | Reached skill level 3 in Stealth
  1463 | D:2      | Reached XP level 3. HP: 3/21 MP: 2/6
  1949 | D:2      | Found Xecvich's Weapon Emporium.
  2083 | D:2      | Reached skill level 1 in Unarmed Combat
  2348 | D:2      | Reached skill level 1 in Poison Magic
  2348 | D:2      | Reached XP level 4. HP: 27/27 MP: 5/7
  2811 | D:3      | Found a broken altar of Ashenzari.
  3367 | D:3      | Found an ancient bone altar of Kikubaaqudgha.
  3507 | D:3      | Reached skill level 4 in Stealth
  3795 | D:3      | Reached XP level 5. HP: 32/32 MP: 4/9
  3961 | D:4      | Found a runed translucent gate.
  3961 | D:4      | Found a runed translucent gate.
  3961 | D:4      | Found a runed translucent gate.
  3962 | D:4      | Noticed Soborki's ghost (amateur MiBe)
  3978 | D:4      | Found Ceysumiy's Magic Scroll Shoppe.
  3986 | D:4      | Bought a scroll of noise for 12 gold pieces
  3986 | D:4      | Bought a scroll of identify for 24 gold pieces
  3986 | D:4      | Bought a scroll of identify for 24 gold pieces
  3986 | D:4      | Bought a scroll of teleportation for 36 gold pieces
  4088 | D:4      | Reached skill level 1 in Short Blades
  4093 | D:4      | Found a glowing drain.
  4115 | Sewer    | Entered a sewer
  4437 | Sewer    | Reached skill level 5 in Stealth
  4665 | Sewer    | Reached skill level 1 in Fighting
  4826 | Sewer    | Reached XP level 6. HP: 38/38 MP: 6/10
  5561 | D:4      | Found Gieq's Book Emporium.
  5643 | D:4      | Found Zuahij's Distillery.
  5654 | D:4      | Reached XP level 7. HP: 42/43 MP: 12/12
  5712 | D:3      | Learned a level 3 spell: Stone Arrow
  5874 | D:4      | Found Ginuf's Weapon Boutique.
  6725 | D:5      | Entered Level 5 of the Dungeon
  7141 | D:4      | Bought a scroll of identify for 24 gold pieces
  7141 | D:4      | Bought a scroll of fog for 24 gold pieces
  7641 | D:4      | Reached skill level 6 in Stealth
  7641 | D:4      | Reached skill level 5 in Earth Magic
  7641 | D:4      | Reached XP level 8. HP: 51/51 MP: 0/14
  9151 | D:6      | Found a runed translucent gate.
  9151 | D:6      | Found a runed translucent gate.
  9151 | D:6      | Found a runed translucent gate.
  9151 | D:6      | Noticed MirrMurr's ghost (novice SpEn)
  9661 | D:6      | Reached skill level 7 in Stealth
  9992 | D:6      | Reached XP level 9. HP: 58/58 MP: 9/16
 10400 | D:7      | Found an ornate altar of the Wu Jian Council.
 10400 | D:7      | Found an opulent altar of Gozag.
 10404 | D:7      | Became a worshipper of Gozag Ym Sagoz the Greedy
 10444 | D:7      | Noticed Menkaure
 10444 | D:7      | Noticed Maggie
 10456 | D:7      | Killed Menkaure
 10504 | D:7      | Killed Maggie
 10505 | D:7      | Reached skill level 5 in Spellcasting
 10663 | D:7      | Found a staircase to the Ecumenical Temple.
 10696 | Temple   | Entered the Ecumenical Temple
 11201 | D:7      | Reached skill level 8 in Stealth
 11213 | D:7      | Reached skill level 5 in Dodging
 11795 | D:7      | Found a sacrificial altar of Ru.
 11818 | D:7      | Found Guhomp Tyull's Armour Emporium.
 12531 | D:7      | Reached skill level 5 in Short Blades
 12606 | D:7      | Noticed Harold
 12617 | D:7      | Mangled by Harold

Illustrated notes

Levels and vault maps discovered:
D:1:      ldierk_walled_garden_2, layout_loops_ring,
          ebering_ecumenical_altar_rust
D:2:      layout_basic, serial_shops, nicolae_diamond_shop
D:3:      layout_loops_ring, mainiacjoe_overflow_boulevard, marbit_many_paths,
          minmay_misc_feat_rugged, minmay_misc_feat_cross
D:4:      layout_basic, gup_sewer_entry_pipe, serial_shops,
          nicolae_shop_waterfront, shop, kennysheep_mini_moat,
          nicolae_stop_n_shop_2, gammafunk_ghost_split,
          chequers_serial_rivers_small_3, minmay_divided_ellipse
D:5:      layout_basic, minivault_23
D:6:      layout_loops_cross, gammafunk_ghost_split, kennysheep_nub
D:7:      layout_basic, mainiacjoe_overflow_tiny_flanked,
          gammafunk_temple_overflow_elements, minmay_temple_entry_proselytizer,
          serial_shops, shop, hangedman_decor_diamond_cutter, roderic_lattice_a,
          skrybe_limestone_x, uniq_menkaure, uniq_maggie, uniq_harold
Temple:   minmay_temple_bridge_abc

Skill      XL: |  1  2  3  4  5  6  7  8  9 |
---------------+----------------------------+-----
Stealth        | 3 4 5 6 7 8 |  8.4
Unarmed Combat | 1 |  1.2
Poison Magic   | 1 |  1.0
Short Blades   | 1 2 3 5 |  5.0
Fighting       | 1 2 3 4 |  4.8
Earth Magic    | 4 5 6 |  6.4
Spellcasting   | 3 4 5 |  5.5
Dodging        | 3 4 5 |  5.3
Polearms       | |  0.5
Conjurations   | |  0.6
Transmutations | |  1.1

Action                   |  1- 3 |  4- 6 |  7- 9 || total
-------------------------+-------+-------+-------++-------
Melee: Unarmed           |    84 |       |       ||    84
       Constrict         |    17 |    33 |    39 ||    89
       Tentacles         |    11 |    20 |    43 ||    74
       Dagger            |     9 |   122 |   192 ||   323
       Spear             |       |    11 |       ||    11
       Punch             |       |       |     6 ||     6
 Cast: Sting             |    13 |       |       ||    13
       Sandblast         |     4 |    67 |     1 ||    72
       Stone Arrow       |       |       |    93 ||    93
Evoke: Wand              |       |       |     7 ||     7
  Use: Scroll            |       |     6 |     2 ||     8
       Potion            |       |     1 |     1 ||     2
 Stab: Sleeping          |     7 |    13 |    10 ||    30
       Distracted        |       |     1 |     1 ||     2
Armor: Skin              |     9 |    17 |    11 ||    37
Dodge: Dodged            |    58 |   107 |   148 ||   313

Table legend: (Time is in decaauts)
 A = Elapsed time spent in this place.
 B = Non-inter-level travel time spent in this place.
 C = Inter-level travel time spent in this place.
 D = Time resting spent in this place.
 E = Time spent auto-exploring this place.
 F = Levels seen in this place.
 G = Mean time per level.
                   A        B        C        D        E       F      G
               +--------+--------+--------+--------+--------+-----+--------+
         Total |  12586 |  12372 |    214 |      0 |   9798 |   9 | 1398.4 |
       Dungeon |  10895 |  10681 |    214 |      0 |   8574 |   7 | 1556.4 |
        Temple |    262 |    262 |      0 |      0 |    230 |   1 |  262.0 |
         Sewer |   1427 |   1427 |      0 |      0 |    994 |   1 | 1427.0 |
               +--------+--------+--------+--------+--------+-----+--------+

Top non-repeatable levels by time:
     D:4: 1980 daAuts
     D:7: 1958 daAuts
     D:5: 1922 daAuts
   Sewer: 1427 daAuts
     D:3: 1400 daAuts
     D:1: 1341 daAuts
     D:2: 1287 daAuts
     D:6: 1005 daAuts
  Temple: 262 daAuts
